Map: Ruby Rock LE

Players

moredead

  • Race: Terran Terran
  • League: Gold
  • Spawn Location: 11:00

SCIInewby - Winner!

  • Race: Protoss Protoss
  • League: Master
  • Spawn Location: 5:00

VOD

Have the link to the VOD?

Description

Time

  • Played on: Feb. 10, 2026, 3:38 p.m.
  • Length: 13:29
Show
View Real Time Build Order
Export as new Build Order

moredead Terran 

Build Orders: Mech 

Get SALT Encoding   

  12  0:00  SCV  
  13  0:15  Supply Depot  
  13  0:18  SCV  
  14  0:29  Refinery  
  14  0:30  SCV  
  15  0:41  Barracks  
  15  0:46  SCV  
  16  0:58  SCV  
  17  1:06  Supply Depot  
  17  1:22  SCV  
  17  1:23  Refinery  
  18  1:31  Reaper  
  19  1:44  Orbital Command  
  19  1:53  Barracks  
  19  2:08  Reaper  
  19  2:13  SCV  
  21  2:25  SCV  
  22  2:49  Reaper x2  
  23  3:07  Command Center  
  23  3:21  Reaper  
  24  3:49  Barracks Reactor  
  24  4:01  Factory  
  23  4:30  SCV  
  24  4:38  Marine x2  
  24  4:40  Barracks Tech Lab  
  24  4:42  SCV  
  24  4:44  Orbital Command  
  27  4:46  Refinery  
  27  4:49  Refinery  
  27  4:56  Marine x2, SCV, Factory  
  27  4:57  Factory  
  27  4:59  Marine  
  31  5:00  Factory Tech Lab  
  31  5:08  SCV  
  31  5:11  Bunker  
  31  5:14  Marine x2  
  33  5:15  SCV  
  33  5:17  Marine  
  33  5:20  SCV  
  37  5:27  SCV  
  38  5:31  Marine  
  38  5:32  Marine, SCV  
  38  5:34  Marine  
  38  5:35  Siege Tank  
  45  5:39  SCV  
  45  5:40  Factory Tech Lab  
  45  5:41  Factory Tech Lab  
  46  5:50  Supply Depot  
  46  5:53  Supply Depot x2  
  46  5:55  Stimpack  
  46  5:56  Engineering Bay x2  
  46  6:11  Marine x3, SCV  
  46  6:13  Siege Tank  
  53  6:29  Marine x3  
  53  6:31  Siege Tank x2  
  50  6:47  Marine x3  
  33  7:22  Siege Tank x2, Orbital Command  
  39  7:30  Starport  
  39  7:35  Combat Shield  
  39  8:08  Starport Reactor  
  39  8:10  Siege Tank x2, Starport  
  45  8:19  Orbital Command  
  45  8:28  Marine  
  45  8:29  Marine  
  47  8:44  Terran Infantry Weapons Level 1  
  47  8:46  Marine  
  47  8:47  Marine  
  49  8:49  Starport Reactor  
  49  9:04  Marine x2  
  49  9:06  Liberator  
  54  9:22  Marine x2  
  56  9:27  Missile Turret  
  56  9:29  Liberator  
  59  9:32  Liberator  
  62  9:40  Marine x2  
  57  10:07  Viking x2  
  54  10:37  Viking x2  
  58  10:58  Viking  
  51  11:39  Orbital Command  
  51  11:43  Refinery  
  51  11:44  Marine  
  51  11:45  Marine  
  53  11:50  Refinery  
  53  12:02  Marine x2  
  53  12:05  Viking x2  
  59  12:20  Marine x2  
  61  12:38  Marine x2  
  62  12:55  Marine  
  62  12:56  Marine  
Show
View Real Time Build Order
Export as new Build Order

SCIInewby Protoss - Winner!

Build Orders: 1 Gate Expand 

Get SALT Encoding   

  12  0:00  Probe  
  13  0:12  Probe  
  14  0:20  Pylon  
  14  0:24  Probe  
  15  0:39  Probe  
  15  0:40  Gateway  
  16  0:52  Probe  
  17  1:13  Probe  
  18  1:22  Nexus  
  18  1:25  Probe  
  19  1:30  Assimilator  
  19  1:37  Probe  
  20  1:41  Cybernetics Core  
  20  1:48  Pylon  
  20  1:49  Probe  
  21  1:55  Zealot  
  23  2:07  Pylon  
  23  2:12  Pylon  
  23  2:21  Forge  
  23  2:31  Assimilator  
  23  2:37  Probe x2  
  25  2:49  Probe  
  26  2:55  Stalker, Probe  
  26  2:57  Probe  
  30  3:05  Probe  
  30  3:08  Photon Cannon  
  30  3:12  Photon Cannon  
  31  3:25  Zealot  
  31  3:30  Warp Gate  
  31  3:34  Photon Cannon  
  31  3:40  Probe x2  
  33  3:41  Protoss Ground Weapons Level 1  
  33  3:44  Pylon  
  33  3:52  Probe  
  34  3:59  Twilight Council  
  34  4:08  Pylon  
  33  4:14  Photon Cannon  
  33  4:25  Charge  
  33  4:28  Gateway  
  33  4:29  Gateway  
  33  4:32  Gateway  
  33  4:50  Assimilator x2  
  33  4:56  Probe x2  
  35  5:04  Probe x2, Dark Shrine  
  35  5:08  Pylon  
  35  5:13  Probe  
  35  5:14  Probe  
  39  5:22  Zealot  
  39  5:25  Probe  
  39  5:26  Zealot, Probe  
  45  5:29  Zealot  
  45  5:33  Zealot  
  49  5:38  Probe  
  49  5:42  Probe  
  51  5:50  Zealot x2  
  51  5:51  Zealot  
  57  6:03  Stargate x2  
  57  6:23  Stalker x4  
  57  6:24  Protoss Shields Level 1  
  65  6:51  Probe  
  61  6:55  Probe  
  61  6:59  Probe, Fleet Beacon  
  61  7:07  Probe  
  63  7:09  Probe  
  62  7:28  Dark Templar x2  
  66  7:30  Dark Templar  
  58  7:48  Pylon  
  58  7:54  Pylon  
  58  7:59  Carrier  
  58  8:00  Carrier  
  58  8:01  Pylon  
  54  8:11  Pylon  
  66  8:13  Probe x2  
  68  8:20  Pylon  
  68  8:27  Nexus  
  62  8:31  Assimilator  
  62  8:32  Stalker x2  
  66  8:36  Assimilator, Zealot  
  66  8:38  Zealot  
  58  9:00  Dark Templar x3  
  58  9:01  Dark Templar  
  66  9:23  Archon  
  66  9:24  Archon  
  66  9:29  Photon Cannon  
  66  9:36  Zealot  
  66  9:37  Zealot  
  70  9:39  Photon Cannon  
  70  9:48  Photon Cannon  
  70  9:55  Photon Cannon  
  64  10:00  Photon Cannon  
  58  10:16  Zealot x3  
  58  10:17  Zealot  
  62  10:37  Probe x2, Stalker x2  
  62  10:38  Stalker x2  
  62  10:39  Probe  
  73  10:45  Probe x2  
  73  10:48  Carrier x2  
  75  10:51  Probe  
  75  10:53  Probe  
  75  10:54  Probe  
  90  11:11  Gateway  
  90  11:12  Pylon  
  78  11:20  Gateway  
  78  11:23  Gateway  
  78  11:24  Zealot  
  78  11:25  Zealot x3  
  80  11:44  Gateway, Probe  
  80  11:45  Probe x2  
  83  11:48  Gateway  
  83  11:51  Pylon  
  83  11:53  Zealot  
  85  11:55  Gateway  
  85  11:57  Probe, Zealot  
  85  12:00  Zealot  
  90  12:21  Probe  
  90  12:22  Probe x2  
  93  12:26  Zealot  
  93  12:27  Zealot  
  93  12:28  Nexus  
  97  12:31  Zealot  
  97  12:35  Dark Templar  
  101  12:40  Dark Templar  
  101  12:42  Zealot  
  85  13:05  Stalker  
  85  13:06  Stalker x5  
  85  13:07  Stalker  
  85  13:25  Stalker  
  85  13:26  Stalker x2  
Tags
 
Composition
Mech
Matchup
PvT
Replay Pack
Multiplayer
Spawn Locations
Cross Positions
Add a new tag
Caveats
  • Supply blocks, unpowered buildings, or Contaminate may cause inaccurate times.
  • Supply counts are checked every 10 seconds.